 Dungeon Crawl Stone Soup version 0.28.0-43-g3370ac3207 (console) character file.

Game seed: 8726614804495292106

0 Zeor the Skirmisher (level 1, 0/18 HPs)
             Began as a Demonspawn Berserker on Mar 31, 2022.
             Was a Follower of Trog.
             Constricted to death by a ball python (1 damage)
             ... on level 1 of the Dungeon.
             The game lasted 00:00:21 (128 turns).

Zeor the Skirmisher (Demonspawn Berserker)           Turns: 128, Time: 00:00:22

Health: 0/18       AC:  2    Str: 17    XL:     1   Next: 8%
Magic:  1/1        EV:  9    Int:  8    God:    Trog [*.....]
Gold:   15         SH:  0    Dex: 12    Spells: 0/0 levels left

rFire   . . .      SeeInvis .   a - +0 falchion
rCold   . . .      Faith    .   (no shield)
rNeg    . . .      Spirit   .   b - +0 animal skin
rPois   .          Reflect  .   (no helmet)
rElec   .          Harm     .   (no cloak)
rCorr   .          Rampage  .   (no gloves)
Will    .....                   (no boots)
Stlth   +.........              (no amulet)
HPRegen 0.06/turn               (no ring)
MPRegen 0.07/turn               (no ring)

@: constricted, very slow
A: no striking features
a: Renounce Religion, Berserk


You were on level 1 of the Dungeon.
You worshipped Trog.
Trog was aware of your devotion.
You visited 1 branch of the dungeon, and saw 1 of its levels.

You collected 15 gold pieces.

Inventory:

Hand Weapons
 a - a +0 falchion (weapon)
Armour
 b - a +0 animal skin (worn)


   Skills:
 + Level 3.0 Fighting
 * Level 2.6 Long Blades
 + Level 1.7 Armour
 + Level 1.8 Dodging


You couldn't memorise any spells.
You didn't know any spells.
Your spell library was empty.

Dungeon Overview and Level Annotations

Branches:
Dungeon (1/15)

Altars:


Message History

You slash the rat!
You kill the rat!
Trog accepts your kill.
HP restored.
You enter the shallow water.
Moving in this stuff is going to be slow.
You enter the shallow water.
Moving in this stuff is going to be slow.
A ball python comes into view.
A ball python is nearby!
The ball python closely misses you. The ball python grabs you.
The ball python constricts you.
Your unstable footing causes you to fumble your attack.
The ball python barely misses you. The ball python constricts you.
The ball python bites you. The ball python constricts you.
You closely miss the ball python. The ball python bites you.
The ball python constricts you.
Your unstable footing causes you to fumble your attack.
The ball python bites you but does no damage.
The ball python constricts you. The ball python bites you.
The ball python constricts you.
You are too injured to fight recklessly!
You are too injured to fight recklessly!
The ball python's grasp on you weakens, but your attempt to escape fails.
The ball python barely misses you. The ball python constricts you.
You are too injured to fight recklessly!
You barely miss the ball python. The ball python bites you.
The ball python constricts you.
You closely miss the ball python. The ball python bites you.
The ball python constricts you. The ball python barely misses you.
The ball python constricts you.
You closely miss the ball python. The ball python bites you.
* * * LOW HITPOINT WARNING * * *
The ball python constricts you.
You barely miss the ball python. The ball python bites you.
* * * LOW HITPOINT WARNING * * *
The ball python constricts you. The ball python bites you.
* * * LOW HITPOINT WARNING * * *
The ball python constricts you.
You die...

▒▒▒▒▒▒▒ ■▒▒≈≈≈≈≈▒▒ ▒▒▒▒
▒▒▒ 8∙∙∙∙∙∙∙∙▒▒▒∙∙▒▒▒≈♣♣
♣
∙∙∙∙∙∙∙<∙∙▒▒▒∙▒▒≈PP♣P≈≈≈
8∙∙∙∙∙∙∙∙▒▒ ▒∙♣≈6S≈≈≈≈≈≈
'▒▒≈≈≈≈≈▒▒ ▒▒≈≈≈≈≈≈≈≈P≈≈
∙▒▒▒▒▒▒▒▒ ▒≈♣≈≈♣≈P≈≈≈≈≈≈
∙∙∙∙∙∙▒▒▒▒▒♣≈PP≈≈≈≈P≈≈≈≈≈
∙▒∙∙∙∙∙∙∙∙∙≈♣≈≈≈≈PP≈≈≈≈≈≈
∙▒▒▒▒▒▒▒▒▒▒♣♣≈≈≈≈P≈P≈≈≈≈≈
∙▒ ▒≈≈≈≈≈≈P≈≈≈≈≈ ∙▒
▒▒≈PP≈≈≈P≈≈≈≈
∙▒▒▒▒▒▒▒▒▒▒▒▒∙∙P♣♣≈≈≈≈


You could see a ball python.

Vanquished Creatures
  A rat (D:1)
1 creature vanquished.

Vanquished Creatures (others)
  2 plants (D:1)
2 creatures vanquished.

Grand Total: 3 creatures vanquished

Notes
Turn   | Place    | Note
-------+----------+-------------------------------------------
     0 | D:1      | Zeor the Demonspawn Berserker began the quest for the Orb.
     0 | D:1      | Reached XP level 1. HP: 18/18 MP: 1/1
   128 | D:1      | Constricted to death by a ball python

Illustrated notes

Levels and vault maps discovered:
D:1:      wander_arrival_chamber, layout_loops_ring, serial_bayou,
          serial_bayou_pond_d, serial_bayou_lagoon_b, serial_bayou_pond_a,
          serial_bayou_lake_a, serial_shops, nicolae_square_shop

Action                   || total
-------------------------++-------
Melee: Falchion          ||    10
Armor: Animal skin       ||     1
Dodge: Dodged            ||     4
